Workbook
Name バイオマス熱利用: '第1号別紙2(助成対象事業者の要件確認書)'!#REF!
Name バイオマス燃料製造: '第1号別紙2(助成対象事業者の要件確認書)'!$Q$12:$Q$19
Name バイオマス発電: '第1号別紙2(助成対象事業者の要件確認書)'!$P$12:$P$19
Name 温度差熱利用: '第1号別紙2(助成対象事業者の要件確認書)'!#REF!
Name 車: [1]車両別集計!$B$4:$B$112
Name 車: [1]車両別集計!$B$4:$B$112
Name 車: [1]車両別集計!$B$4:$B$112
Name 車: [1]車両別集計!$B$4:$B$112
Name 車: [1]車両別集計!$B$4:$B$112
Name 車: [1]車両別集計!$B$4:$B$112
Name 車: [1]車両別集計!$B$4:$B$112
Name 車: [1]車両別集計!$B$4:$B$112
Name 車: [1]車両別集計!$B$4:$B$112
Name 車: [1]車両別集計!$B$4:$B$112
Name 車: [1]車両別集計!$B$4:$B$112
Name 車: #REF!
Name 水力発電: '第1号別紙2(助成対象事業者の要件確認書)'!$N$12:$N$19
Name 設備: [2]データ参照シート!$B$2
Name 設備: [2]データ参照シート!$B$2
Name 設備: [2]データ参照シート!$B$2
Name 設備: [2]データ参照シート!$B$2
Name 設備: [2]データ参照シート!$B$2
Name 設備: [2]データ参照シート!$B$2
Name 設備: [2]データ参照シート!$B$2
Name 設備: [2]データ参照シート!$B$2
Name 設備: [2]データ参照シート!$B$2
Name 設備: [2]データ参照シート!$B$2
Name 設備: [2]データ参照シート!$B$2
Name 設備: [2]データ参照シート!$B$2
Name 設備: #REF!
Name 太陽光発電: '第1号別紙2(助成対象事業者の要件確認書)'!$L$14:$L$19
Name 太陽熱利用: '第1号別紙2(助成対象事業者の要件確認書)'!#REF!
Name 大分類: [3]基本情報!#REF!
Name 大分類: [3]基本情報!#REF!
Name 大分類: [3]基本情報!#REF!
Name 大分類: [3]基本情報!#REF!
Name 大分類: [3]基本情報!#REF!
Name 大分類: #REF!
Name 大分類: #REF!
Name 大分類: [3]基本情報!#REF!
Name 大分類: [3]基本情報!#REF!
Name 大分類: [3]基本情報!#REF!
Name 大分類: [3]基本情報!#REF!
Name 大分類: [3]基本情報!#REF!
Name 大分類: [3]基本情報!#REF!
Name 大分類: #REF!
Name 地中熱利用: '第1号別紙2(助成対象事業者の要件確認書)'!#REF!
Name 地熱発電: '第1号別紙2(助成対象事業者の要件確認書)'!$O$12:$O$19
Name 風力発電: '第1号別紙2(助成対象事業者の要件確認書)'!$M$13:$M$19
Name 別1その2: [4]対策!$K$2:$K$9
Name 別1その2: [4]対策!$K$2:$K$9
Name 別1その2: [4]対策!$K$2:$K$9
Name 別1その2: [4]対策!$K$2:$K$9
Name 別1その2: [4]対策!$K$2:$K$9
Name 別1その2: [4]対策!$K$2:$K$9
Name 別1その2: [4]対策!$K$2:$K$9
Name 別1その2: [4]対策!$K$2:$K$9
Name 別1その2: [4]対策!$K$2:$K$9
Name 別1その2: [4]対策!$K$2:$K$9
Name 別1その2: [4]対策!$K$2:$K$9

Sheet 第1号（交付申請書）
B1: 第１号様式（第７条関係）
T2: 令和 | W2: 年 | Y2: 月 | AA2: 日
B3: 公益財団法人 東京都環境公社
B4: 理事長 殿
O5: （交付申請者）
O6: 住所 | R6: 〒 | V6: -
R7: (会社所在地)
O8: 名称
R9: (社名)
O10: 代表者名 | R10: (役職) | V10: (氏名)
A12: 助成金交付申請書
B15: Airソーラー展示会出展支援事業助成金交付要綱第７条の規定に基づき、下記のとおり助成金の交付を申請します。
N17: 記
B18: 出展展示会名
B19: 展示会会期 | G19: 令和○年○月○日 ～ 令和○年○月○日
B20: 展示会URL
B21: 主催（契約先）
B22: 会場名（国名）
B23: 出展契約予定日 | G23: 令和○年○月○日
B24: 出展形態 | O24: 小間数
B25: 助成金 交付申請額等 | G25: (1) 助成対象事業に要する経費 | Q25: ='第1号別紙(交付申請経費内訳書) '!X22 -> 0 | X25: 円(税抜) | AB25: (1)事業全体で要する経費
G26: (2) 都助成対象経費 | Q26: ='第1号別紙(交付申請経費内訳書) '!X23 -> 0 | X26: 円(税抜) | AB26: (2)本助成金の助成対象経費
G27: (3) 他補助金等受給（予定）額 | Q27: ='第1号別紙(交付申請経費内訳書) '!X24 -> 0 | X27: 円(税抜) | AB27: (3)他の助成金又は補助金を受給又は受給予定の場合は、当該金額を記載
G28: (4) 助成対象経費の10/10 | Q28: ='第1号別紙(交付申請経費内訳書) '!X25 -> 0 | X28: 円(税抜) | AB28: (4)（ (2) - (3) ）×（10／10）
G29: (5) 助成上限額(1件あたりの事業上限) | Q29: 3000000 | X29: 円(税抜) | AB29: (5)助成上限額（事業１件あたりの上限）
G30: (6) 助成金交付申請額 | Q30: ='第1号別紙(交付申請経費内訳書) '!X27 -> 0 | X30: 円(税抜) | AB30: (6)助成対象経費に該当の助成率を乗じた額又は該当の助成限度額のうち、いずれか低い額
B31: 事業期間（予定） | I31: 令和○年○月○日 ～ 令和○年○月○日
B32: 統括先連絡先※ | G32: 住所
G33: 会社名
G34: 部課名
G35: 担当者氏名
G36: （電話番号 | Y36: ）
G37: （携帯電話 | Y37: ）
G38: （メールアドレス | Y38: ）
B39: ※ 事業全般の内容についての対応が可能であるとともに、申請に係る公社からの指示に対して一元的な窓口を担う連絡先を記載すること。
B42: ※青色セルのみを編集・記入するようにしてください

Sheet 第1号別紙(交付申請経費内訳書) 
B1: 第１号様式：別紙1
B2: 助成金交付申請経費内訳書
X3: (税抜) | AE3: (税抜)
B4: 区分 | F4: 番号 | I4: 経費名称 | X4: 助成対象事業に 要する経費 | AE4: 都助成対象 経費
B6: 助成対象経費 | D6: ア | F6: ア | G6: - | H6: 1
D7: 展示会等 参加費 | F7: ア | G7: - | H7: 2
F8: ア | G8: - | H8: 3
F9: ア | G9: - | H9: 4
F10: ア | G10: - | H10: 5
F11: ア | G11: - | H11: 6
F12: ア | G12: - | H12: 7
I13: ア：展示会等参加費 小計 | X13: =IF(SUM(X6:AD12)=0,0,SUM(X6:AD12)) -> 0 | AE13: =IF(SUM(AE6:AK12)=0,0,SUM(AE6:AK12)) -> 0
D14: イ | F14: イ | G14: - | H14: 1
D15: 販売促進費 | F15: イ | G15: - | H15: 2
F16: イ | G16: - | H16: 3
F17: イ | G17: - | H17: 4
F18: イ | G18: - | H18: 5
F19: イ | G19: - | H19: 6
F20: イ | G20: - | H20: 7
I21: イ：販売促進費 小計 | X21: =IF(SUM(X14:AD20)=0,0,SUM(X14:AD20)) -> 0 | AE21: =IF(SUM(AE14:AK20)=0,0,SUM(AE14:AK20)) -> 0
D22: ①助成対象事業に要する経費の合計額［円］(税抜) | X22: =IF(SUM(X13,X21)=0,0,SUM(X13,X21)) -> 0 | AM22: ←事業全体で要する経費
D23: ②都助成対象経費合計額［円］(税抜) | X23: =IF(SUM(AE13,AE21)=0,0,SUM(AE13,AE21)) -> 0 | AM23: ←本助成金の助成対象経費
D24: ③他補助金等受給（予定）額［円］（税抜）
D25: ④助成対象経費の10/10［円］（税抜） | X25: =(X23-X24)*10/10 -> 0 | AM25: ←（ ② - ③ ）×（10／10）
D26: ⑤助成上限額【1件あたりの事業上限】［円］（税抜） | X26: 3000000
D27: ⑥助成金交付申請金額[円]（税抜） （ ④⑤のうち、いずれか低い額 ） | X27: =IF(OR(X25=0, X26=0), "0", ROUNDDOWN(MIN(X25, X26), -3)) -> 0
AM28: ←※千円未満の端数切り捨て
B29: ※内訳項目欄が足りない場合は、いくつかの項目をまとめて記載ください。
B42: ※青色セルのみを編集・記入するようにしてください

Sheet 第1号別紙2(助成対象事業者の要件確認書)
A1: 第１号様式：別紙２
A2: 助成対象事業者の要件確認書
A4: ①国立研究開発法人新エネルギー・産業技術総合開発機構が行う「グリーンイノベーション基金事業」における「次世代型太陽電池の開発プロジェクト」において、
A5: 採択決定されている事業者であることが確認できる情報を記載すること。
A6: ②企画又は製造に関与し、自社製品として販売する権利を有していることが確認できる情報を記載すること。
A7: ③都内でのAirソーラーの導入若しくは実証の実績があること、又は都内への導入若しくは実証を計画していることが確認できる情報を記載すること。
A8: ※URLでの根拠資料の提出が困難な場合、別途添付資料を提出してください。
A9: ※枠が足りない場合は、本シートをコピーの上、入力ください。
B11: 【①入力必須】 | T11: 【②入力必須】
B12: 「次世代型太陽電池の開発プロジェクト」採択情報 | T12: 自社製品として販売する権利を有していることが確認できる情報
B13: プロジェクト名 | T13: 製品情報 （型番等）
B14: 採択決定日 | T14: URL
B15: 採択情報URL
B17: 【③実績又は計画いずれか一方の入力必須】
B18: 都内でのAirソーラーの導入若しくは実証の実績情報 | T18: 都内への導入若しくは実証の計画情報
B19: 事業名 | T19: 事業名
B20: 導入・実証 場所 | T20: 導入・実証 場所
B21: 事業概要 | T21: 事業概要
B22: URL (プレスページなど) | T22: 実施予定期間
T23: URL
A25: ※青色セルのみを編集・記入するようにしてください

Sheet 第2号(誓約書)
B1: 第２号様式（第７条関係)
B2: 誓 約 書
B4: 公益財団法人 東京都環境公社
B5: 理事長 殿
B7: 1 | C7: Airソーラー展示会出展支援事業助成金交付要綱（以下「交付要綱」という。）第７条の規定に基づく助成金の交付の申請を行うに当たり、当該申請により助成金等の交付を受けようとする者（法人その他の団体にあっては、代表者、役員又は使用人その他の従業員若しくは構成員を含む。）が交付要綱第４条に規定する助成対象事業者に該当し、将来にわたっても該当するよう交付要綱、その他法令等を遵守することを誓約いたします。
B12: 2 | C12: この誓約に違反又は相違があり、交付要綱第20条の規定により助成金交付決定の全部又は一部の取消しを受けた場合において、交付要綱第2２条に規定する助成金の返還を請求されたときは、これに異議なく応じることを誓約いたします。
B16: 3 | C16: 申請者は、公社が本助成金の交付額の算定その他本事業の目的を達成するために必要な範囲において、申請者に国、地方公共団体等から交付される補助金その他の給付金の額に係る情報を国、地方公共団体等と協議の上、当該国、地方公共団体等から収集することに同意いたします。
B20: 4 | C20: 本申請書は、事実に基づき、申請者の不利益にならない範囲において訂正される可能性があることについて同意いたします。
B23: 5 | C23: 公社から申請書の記載内容の不備を指摘された場合、その日から起算して30日以内又は公社が指定する期限のいずれか早い日までに申請者又は申請書類に関する問い合わせ先から連絡がない場合は自動的に撤回になることに同意します。
B26: 6 | C26: 申請者は、民事再生法（平成11年法律第225号）又は会社更生法（平成14年法律第154号）による申立て等、助成対象事業の継続性について不確実な状況にないこと、税金の滞納がなく、刑事上の処分を受けておらず、公的資金の交付先として社会通念上適切であると認められることを誓約いたします。
B30: 7 | C30: 貴公社理事長又は東京都が必要と認めた場合には、暴力団関係者であるか否かの確認のため、警視庁へ照会がなされることに同意し、下記に該当する暴力団関係者ではないことを誓約いたします。 ※この誓約書における「暴力団関係者」とは、次に掲げる者をいう。 ・暴力団又は暴力団員が実質的に経営を支配する法人等に所属する者 ・暴力団又は暴力団員を雇用している者 ・暴力団又は暴力団員を不当に利用していると認められる者 ・暴力団の維持、運営に協力し、又は関与していると認められる者 ・暴力団又は暴力団員と社会的に非難されるべき関係を有していると認められる者
B38: 8 | C38: 次の事項を理解し、法令上必要な許可等を受けていることを誓約いたします。 ・建設業法では、税込500万円以上（建築一式工事にあっては、税込1,500万円以上）の建設工事を請け負う場合は、建設業の許可を得なければならないと定められており、建設業の許可を受けずに税込500万円以上の工事を請け負った場合は建設業法違反となること。（建築一式工事のうち延べ面積が百五十平方メートルに満たない木造住宅を建設する工事の場合、請負代金の額にかかわらず、許可は不要） なお、一つの工事を２以上の契約に分割して請け負う場合でも、各契約の請負代金の額の合計が税込500万円以上となる場合は、建設業の許可が必要。（工事現場や工期が明らかに別である等、正当な理由に基づく場合を除く。） ・電気工事業法により、契約額にかかわらず、自社で施工する場合は自社、別の事業者等に施工をさせる場合は当該事業者において、電気工事業登録をしている必要があること。 次の事項の理解している。 ・行政書士でないものが、他人の依頼を受けいかなる名目によるかを問わず報酬を得て、官公署に提出する書類、その他権利義務又は事実証明に関する書類の作成を業として行うことは法律で禁止されている。（法律に別段の定めがある場合を除く。）
C50: 申請者の個人情報を含む申請情報は、本助成金事業の審査、交付決定、交付、適正な執行、事業報告、統計分析並びに東京都及び公社が実施する各種事業の広報活動等のため、必要な範囲内で東京都に提供するほか、交付要綱第27条に従い利用されます。公社は、これを「個人情報の保護に関する規程」及び「プライバシーポリシー（個人情報保護方針）」に基づき適切に管理し、法令を遵守します。 以上の内容に同意し、本申請を行うことを誓約します。 この誓約が虚偽、又はこの誓約に反したことにより、当方が不利益を被ることとなっても、一切異議は申し立てません。
C58: 以上の事項全てを満たすことを誓約いたします。
C60: 令和 | E60: ='第1号（交付申請書）'!V2 -> 0 | F60: 年 | G60: ='第1号（交付申請書）'!X2 -> 0 | H60: 月 | I60: ='第1号（交付申請書）'!Z2 -> 0 | J60: 日
C61: 住所 | F61: （所在地）〒
C62: 名称 | F62: (社名)
C63: 代表者の職・氏名 | I63: （役職名） | X63: （代表者名）
B64: ※ 法人その他の団体にあっては、主たる事務所の所在地、名称及び代表者の氏名を記入すること。
B65: ※青色セルのみを編集・記入するようにしてください

Sheet 第５号(交付申請撤回届出書)
B1: 第５号様式（第11条関係）
T2: 令和 | W2: 年 | Y2: 月 | AA2: 日
B3: 公益財団法人 東京都環境公社
B4: 理事長 殿
O5: （助成事業者）
O6: 住所 | R6: 〒 | S6: ='第1号（交付申請書）'!S6 -> 0 | V6: - | W6: ='第1号（交付申請書）'!W6 -> 0
R7: ='第1号（交付申請書）'!R7 -> (会社所在地)
O9: 名称 | R9: ='第1号（交付申請書）'!R9 -> (社名)
O10: 代表者名 | R10: ='第1号（交付申請書）'!R10 -> (役職) | V10: ='第1号（交付申請書）'!V10 -> (氏名)
O11: 担当者 | R11: ='第1号（交付申請書）'!L35 -> 0
O12: 電話番号 | R12: ='第1号（交付申請書）'!L36 -> 0
A14: 助成金交付申請撤回届出書
B17: 令和 年 月 日 | G17: 付 | I17: 都環公地温第 | O17: 号により交付決定の通知を受けた事業について、 | AB17: ←文書番号を記入ください
B18: 助成金の交付申請を撤回したいので、Airソーラー展示会出展支援事業助成金交付要綱第11条の規
B19: 定に基づき、下記のとおり届け出ます。
N20: 記
B22: 出展展示会名 | G22: ='第1号（交付申請書）'!G18 -> 0
B23: 交付申請日 | AB23: ←交付申請日を記入ください
B24: 交付決定日 | AB24: ←交付決定通知書に記載の交付決定日を記入ください
B25: 交付決定番号 | AB25: ←交付決定通知書に記載の交付決定番号を記入ください
B26: 撤回の理由
B42: ※青色セルのみを編集・記入するようにしてください

Sheet 第６号(助成事業承継届出書)
B1: 第６号様式（第12条関係）
T2: 令和 | W2: 年 | Y2: 月 | AA2: 日
B3: 公益財団法人 東京都環境公社
B4: 理事長 殿
O5: （承継者）
O6: 住所 | R6: 〒 | V6: -
R7: (所在地)
O9: 名称 | R9: (社名)
O10: 代表者名 | R10: (役職名) | V10: (代表者名)
A12: 助成事業承継届出書
B15: 令和 年 月 日 | G15: 付 | I15: 都環公地温第 | O15: 号により交付決定の通知を受けた事業について、 | AB15: ←文書番号を記入ください
B16: 助成事業者の地位を承継し、当該助成事業を継続して実施したいので、Airソーラー展示会出展支援
B17: 事業助成金交付要綱第12条第１項の規定に基づき、下記のとおり届け出ます。
N18: 記
B19: 出展展示会名 | J19: ='第1号（交付申請書）'!G18 -> 0
B20: 交付決定番号 | AB20: ←交付決定通知書に記載の交付決定番号を記入ください
B21: 承継前の助成事業者 | J21: 住所 | M21: 〒 | N21: ='第1号（交付申請書）'!S6 -> 0 | P21: - | Q21: ='第1号（交付申請書）'!W6 -> 0
M22: ='第1号（交付申請書）'!R7 -> (会社所在地)
J23: 名称 | M23: ='第1号（交付申請書）'!R9 -> (社名)
J24: 代表者の職・氏名 | M24: ='第1号（交付申請書）'!R10 -> (役職)
M25: ='第1号（交付申請書）'!V10 -> (氏名)
B26: 承継の理由
B28: 承継後の助成事業者 | J28: 住所 | M28: 〒 | N28: =S6 -> 0 | P28: - | Q28: =W6 -> 0
M29: =R7 -> (所在地)
J30: 名称 | M30: =R9 -> (社名)
J31: 代表者の職・氏名 | M31: =R10 -> (役職名)
M32: =V10 -> (代表者名)
B33: 承継後の総括的連絡先 | J33: 住所
J34: 会社名
J35: 部課名
J36: 担当者氏名
J37: （電話番号 | Z37: ）
J38: （携帯電話 | Z38: ）
J39: （メールアドレス | Z39: ）
B40: ※助成事業の承継が確認できる書類を添付すること。
B42: ※青色セルのみを編集・記入するようにしてください

Sheet 第７号(助成事業計画変更届出書)
B1: 第７号様式（第13条関係）
T2: 令和 | W2: 年 | Y2: 月 | AA2: 日
B3: 公益財団法人 東京都環境公社
B4: 理事長 殿
O5: （助成事業者）
O6: 住所 | R6: 〒 | S6: ='第1号（交付申請書）'!S6 -> 0 | V6: - | W6: ='第1号（交付申請書）'!W6 -> 0
R7: ='第1号（交付申請書）'!R7 -> (会社所在地)
O9: 名称 | R9: ='第1号（交付申請書）'!R9 -> (社名)
O10: 代表者名 | R10: ='第1号（交付申請書）'!R10 -> (役職) | V10: ='第1号（交付申請書）'!V10 -> (氏名)
O11: 担当者 | R11: ='第1号（交付申請書）'!L35 -> 0
O12: 電話番号 | R12: ='第1号（交付申請書）'!L36 -> 0
A14: 助成事業計画変更届出書
B17: 令和 年 月 日 | G17: 付 | I17: 都環公地温第 | O17: 号により交付決定の通知を受けた事業について、 | AB17: ←文書番号を記入ください
B18: 事業計画を変更したいので、Airソーラー展示会出展支援事業助成金交付要綱第13条第１項の規定
B19: に基づき、下記のとおり届け出ます。
N20: 記
B22: 出展展示会名 | J22: ='第1号（交付申請書）'!G18 -> 0
B23: 交付決定日 | AB23: ←交付決定通知書に記載の交付決定日を記入ください
B24: 交付決定番号 | AB24: ←交付決定通知書に記載の交付決定番号を記入ください
B25: 変更の内容
B27: 変更の理由
B29: 変更後の助成対象 事業に関する経費等 | J29: 別紙「助成対象経費内訳書」による。
B31: 変更による影響
B33: 備考（受付欄）
B35: ※変更の内容について、詳細を説明する資料を添付すること。
B42: ※青色セルのみを編集・記入するようにしてください

Sheet 第７号別紙(経費内訳) 
B1: 第７号様式：別紙
B2: 助成対象経費内訳書
X3: (税抜) | AE3: (税抜)
B4: 区分 | F4: 番号 | I4: 経費名称 | X4: 助成対象事業に 要する経費 | AE4: 都助成対象 経費
B6: 助成対象経費 | D6: ア | F6: ア | G6: - | H6: 1
D7: 展示会等 参加費 | F7: ア | G7: - | H7: 2
F8: ア | G8: - | H8: 3
F9: ア | G9: - | H9: 4
F10: ア | G10: - | H10: 5
F11: ア | G11: - | H11: 6
F12: ア | G12: - | H12: 7
I13: ア：展示会等参加費 小計 | X13: =IF(SUM(X6:AD12)=0,0,SUM(X6:AD12)) -> 0 | AE13: =IF(SUM(AE6:AK12)=0,0,SUM(AE6:AK12)) -> 0
D14: イ | F14: イ | G14: - | H14: 1
D15: 販売促進費 | F15: イ | G15: - | H15: 2
F16: イ | G16: - | H16: 3
F17: イ | G17: - | H17: 4
F18: イ | G18: - | H18: 5
F19: イ | G19: - | H19: 6
F20: イ | G20: - | H20: 7
I21: イ：販売促進費 小計 | X21: =IF(SUM(X14:AD20)=0,0,SUM(X14:AD20)) -> 0 | AE21: =IF(SUM(AE14:AK20)=0,0,SUM(AE14:AK20)) -> 0
D22: ①助成対象事業に要する経費の合計額［円］(税抜) | X22: =IF(SUM(X13,X21)=0,0,SUM(X13,X21)) -> 0 | AM22: ←事業全体で要する経費
D23: ②都助成対象経費合計額［円］(税抜) | X23: =IF(SUM(AE13,AE21)=0,0,SUM(AE13,AE21)) -> 0 | AM23: ←本助成金の助成対象経費
D24: ③他補助金等受給（予定）額［円］（税抜）
D25: ④助成対象経費の10/10［円］（税抜） | X25: =(X23-X24)*10/10 -> 0 | AM25: ←（ ② - ③ ）×（10／10）
D26: ⑤助成金交付決定額［円］（税抜） | AM26: ←助成金交付決定額を記入してください
D27: ⑥【変更】助成金交付申請金額[円]（税抜） （ ④又は⑤のうち、いずれか低い額 ） | X27: =IF(OR(X25=0, X26=0), "0", ROUNDDOWN(MIN(X25, X26), -3)) -> 0
AM28: ←※千円未満の端数切り捨て
B29: ※内訳項目欄が足りない場合は、いくつかの項目をまとめて記載ください。
B42: ※青色セルのみを編集・記入するようにしてください

Sheet 第８号(事業者情報の変更届出書)
B1: 第８号様式（第15条関係）
T2: 令和 | W2: 年 | Y2: 月 | AA2: 日
B3: 公益財団法人 東京都環境公社
B4: 理事長 殿
O5: （助成事業者）
O6: 住所 | R6: 〒 | S6: ='第1号（交付申請書）'!S6 -> 0 | V6: - | W6: ='第1号（交付申請書）'!W6 -> 0
R7: ='第1号（交付申請書）'!R7 -> (会社所在地)
O9: 名称 | R9: ='第1号（交付申請書）'!R9 -> (社名)
O10: 代表者名 | R10: ='第1号（交付申請書）'!R10 -> (役職) | V10: ='第1号（交付申請書）'!V10 -> (氏名)
O11: 担当者 | R11: ='第1号（交付申請書）'!L35 -> 0
O12: 電話番号 | R12: ='第1号（交付申請書）'!L36 -> 0
A14: 事業者情報の変更届出書
B17: 令和 年 月 日 | G17: 付 | I17: 都環公地温第 | O17: 号により交付決定の通知を受けた事業について、 | AB17: ←文書番号を記入ください
B18: 事業者情報等に変更が生じたため、Airソーラー展示会出展支援事業助成金交付要綱第15条の規
B19: 定に基づき、下記のとおり届け出ます。
N20: 記
B22: 出展展示会名 | J22: ='第1号（交付申請書）'!G18 -> 0 | AB22: ←出展展示会名を記入ください
B23: 交付決定日 | AB23: ←交付決定通知書に記載の交付決定日を記入ください
B24: 交付決定番号 | AB24: ←交付決定通知書に記載の交付決定番号を記入ください
B25: 変更の内容 | F25: 変更前
F27: 変更後
B29: ※本様式のほか、変更内容が確認できる書類（登記簿謄本、定款等）を添付すること。
B42: ※青色セルのみを編集・記入するようにしてください

Sheet 第９号(助成事業中止(廃止)届出書)
B1: 第９号様式（第17条関係）
T2: 令和 | W2: 年 | Y2: 月 | AA2: 日
B3: 公益財団法人 東京都環境公社
B4: 理事長 殿
O5: （助成事業者）
O6: 住所 | R6: 〒 | S6: ='第1号（交付申請書）'!S6 -> 0 | V6: - | W6: ='第1号（交付申請書）'!W6 -> 0
R7: ='第1号（交付申請書）'!R7 -> (会社所在地)
O9: 名称 | R9: ='第1号（交付申請書）'!R9 -> (社名)
O10: 代表者名 | R10: ='第1号（交付申請書）'!R10 -> (役職) | V10: ='第1号（交付申請書）'!V10 -> (氏名)
O11: 担当者 | R11: ='第1号（交付申請書）'!L35 -> 0
O12: 電話番号 | R12: ='第1号（交付申請書）'!L36 -> 0
A14: 助成事業中止（廃止）届出書
B17: 令和 年 月 日 | G17: 付 | I17: 都環公地温第 | O17: 号により交付決定の通知を受けた事業について、 | AB17: ←文書番号を記入ください
B18: 下記のとおり事業を中止（廃止）したいので、Airソーラー展示会出展支援事業助成金交付要綱第17
B19: 第１項の規定に基づき届け出ます。
N20: 記
B22: 出展展示会名 | J22: ='第1号（交付申請書）'!G18 -> 0
B23: 交付決定日 | AB23: ←交付決定通知書に記載の交付決定日を記入ください
B24: 交付決定番号 | AB24: ←交付決定通知書に記載の交付決定番号を記入ください
B25: 中止（廃止）の理由
B27: 中止（廃止）による影響
B29: 再開時期（中止の場合） | J29: 令和 | N29: 年 | Q29: 月 | T29: 日
B30: 備考（受付欄）
B32: ※中止（廃止）の理由について、詳細を説明する資料を添付すること。
B42: ※青色セルのみを編集・記入するようにしてください

Sheet 第10号(実績報告書兼助成金交付請求書)
B1: 第10号様式（第18条関係）
T2: 令和 | W2: 年 | Y2: 月 | AA2: 日
B3: 公益財団法人 東京都環境公社
B4: 理事長 殿
O5: （助成事業者）
O6: 住所 | R6: 〒 | S6: ='第1号（交付申請書）'!S6 -> 0 | V6: - | W6: ='第1号（交付申請書）'!W6 -> 0
R7: ='第1号（交付申請書）'!R7 -> (会社所在地)
O9: 名称 | R9: ='第1号（交付申請書）'!R9 -> (社名)
O10: 代表者名 | R10: ='第1号（交付申請書）'!R10 -> (役職) | V10: ='第1号（交付申請書）'!V10 -> (氏名)
O11: 担当者 | R11: ='第1号（交付申請書）'!L35 -> 0
O12: 電話番号 | R12: ='第1号（交付申請書）'!L36 -> 0
A14: 実績報告書兼助成金交付請求書
B17: 令和 年 月 日 | G17: 付 | I17: 都環公地温第 | O17: 号で交付決定の通知を受けた事業について、 | AB17: ←文書番号を記入ください
B18: 助成事業が完了しましたので、Airソーラー展示会出展支援事業助成金交付要綱第18条第１項の
B19: 規定に基づき、下記のとおり報告します。
N20: 記
B22: 出展展示会名 | J22: ='第1号（交付申請書）'!G18 -> 0
B23: 交付決定番号 | AB23: ←交付決定通知書に記載の交付決定番号を記入ください
B24: 展示会会期 | J24: 令和○年○月○日 ～ 令和○年○月○日
B25: 事業の期間 | J25: 令和○年○月○日 ～ 令和○年○月○日 | AB25: ←開始日は交付決定後に契約等締結した日、 終了日は展示会の終了日か支払いが完了した日等の一番遅い日を記入ください
B26: 交付請求額 | J26: ='第10号別紙(助成金交付請求内訳書)'!X27 -> 0 | X26: 円
B28: ※中止（廃止）の理由について、詳細を説明する資料を添付すること。
A44: 交付請求額 | F44: 金 | I44: =J26 -> 0 | S44: 円
A47: （助成金振込先）
A48: 金融機関名（カタカナ）
A50: 支店名（カタカナ）
A52: 金融機関コード | J52: 支店コード | R52: 預金種別
A54: （カタカナ） 口座名義
A56: 口座番号 （右詰）
B58: （注）振込口座が確認できる資料（通帳等の写し）を添付すること。
A60: ■記載方法に関する注意事項 ・口座名義人は、申請者と同一名義であること ・濁点、半濁点は一文字分とする ・口座名義は添付する確認資料の記載のとおり記入すること ・口座名義が枠内（30文字）を超える場合は、名義名称の冒頭から30文字までを記入 ■振込口座が確認できる資料に関する注意事項 ・銀行名、支店名、預金種別、口座番号、口座名義人が読み取れる内容であること ・当座預金で通帳がない場合は、小切手帳や取引明細書、当座勘定照合等の写しを添付 ・ネット銀行で通帳がない場合は、インターネット画面を印刷したものを添付
B83: ※青色セルのみを編集・記入するようにしてください

Sheet 第10号別紙(助成金交付請求内訳書)
B1: 第10号様式：別紙
B2: 助成金交付請求内訳書
X3: (税抜) | AE3: (税抜)
B4: 区分 | F4: 番号 | I4: 経費名称 | X4: 助成対象事業に 要する経費 | AE4: 都助成対象 経費
B6: 助成対象経費 | D6: ア | F6: ア | G6: - | H6: 1
D7: 展示会等 参加費 | F7: ア | G7: - | H7: 2
F8: ア | G8: - | H8: 3
F9: ア | G9: - | H9: 4
F10: ア | G10: - | H10: 5
F11: ア | G11: - | H11: 6
F12: ア | G12: - | H12: 7
I13: ア：展示会等参加費 小計 | X13: =IF(SUM(X6:AD12)=0,0,SUM(X6:AD12)) -> 0 | AE13: =IF(SUM(AE6:AK12)=0,0,SUM(AE6:AK12)) -> 0
D14: イ | F14: イ | G14: - | H14: 1
D15: 販売促進費 | F15: イ | G15: - | H15: 2
F16: イ | G16: - | H16: 3
F17: イ | G17: - | H17: 4
F18: イ | G18: - | H18: 5
F19: イ | G19: - | H19: 6
F20: イ | G20: - | H20: 7
I21: イ：販売促進費 小計 | X21: =IF(SUM(X14:AD20)=0,0,SUM(X14:AD20)) -> 0 | AE21: =IF(SUM(AE14:AK20)=0,0,SUM(AE14:AK20)) -> 0
D22: ①助成対象事業に要する経費の合計額［円］(税抜) | X22: =IF(SUM(X13,X21)=0,0,SUM(X13,X21)) -> 0 | AM22: ←事業全体で要する経費
D23: ②都助成対象経費合計額［円］(税抜) | X23: =IF(SUM(AE13,AE21)=0,0,SUM(AE13,AE21)) -> 0 | AM23: ←本助成金の助成対象経費
D24: ③他補助金等受給（予定）額［円］（税抜）
D25: ④助成対象経費の10/10［円］（税抜） | X25: =(X23-X24)*10/10 -> 0 | AM25: ←（ ② - ③ ）×（10／10）
D26: ⑤助成金交付決定額［円］（税抜） | AM26: ←助成金交付決定額を記入ください。（変更した場合は、変更後の決定額）
D27: ⑥助成金交付請求額[円]（税抜） （ ④又は⑤のうち、いずれか低い額 ） | X27: =IF(OR(X25=0, X26=0), "0", ROUNDDOWN(MIN(X25, X26), -3)) -> 0
AM28: ←※千円未満の端数切り捨て
B29: ※内訳項目欄が足りない場合は、いくつかの項目をまとめて記載ください。
B42: ※青色セルのみを編集・記入するようにしてください

Sheet 第14号(助成金返還報告書)
B1: 第14号様式（第22条関係）
T2: 令和 | W2: 年 | Y2: 月 | AA2: 日
B3: 公益財団法人 東京都環境公社
B4: 理事長 殿
O5: （助成事業者）
O6: 住所 | R6: 〒 | S6: ='第1号（交付申請書）'!S6 -> 0 | V6: - | W6: ='第1号（交付申請書）'!W6 -> 0
R7: ='第1号（交付申請書）'!R7 -> (会社所在地)
O9: 名称 | R9: ='第1号（交付申請書）'!R9 -> (社名)
O10: 代表者名 | R10: ='第1号（交付申請書）'!R10 -> (役職) | V10: ='第1号（交付申請書）'!V10 -> (氏名)
O11: 担当者 | R11: ='第1号（交付申請書）'!L35 -> 0
O12: 電話番号 | R12: ='第1号（交付申請書）'!L36 -> 0
A14: 助成金返還報告書
B17: 令和 年 月 日 | G17: 付 | I17: 都環公地温第 | O17: 号により交付額確定の通知を受けた事業につい | AB17: ←文書番号を記入ください
B18: て、助成金を返還したので、Airソーラー展示会出展支援事業助成金交付要綱第22条第３項の規定に
B19: 基づき、下記のとおり報告します。
N20: 記
B22: 出展展示会名 | J22: ='第1号（交付申請書）'!G18 -> 0
B23: 交付決定日 | AB23: ←交付決定通知書に記載の交付決定日を記入ください
B24: 交付決定番号 | AB24: ←交付決定通知書に記載の交付決定番号を記入ください
B25: 既に交付を受けた助成金額 | J25: 金 | V25: 円
B26: 返還を請求された年月日 及び金額 | J26: 令和 | N26: 年 | Q26: 月 | T26: 日
J27: 金 | V27: 円
B28: 返還した年月日 及び金額 | J28: 令和 | N28: 年 | Q28: 月 | T28: 日
J29: （１）返還金 | V29: 円
J30: （２）加算金 | V30: 円
J31: （３）延滞金 | V31: 円
B32: 添付資料 | J32: 加算金及び延滞金の算出根拠資料
B33: 未納返還金額 | J33: （１）返還金 | V33: 円
J34: （２）加算金 | V34: 円
J35: （３）延滞金 | V35: 円
B42: ※青色セルのみを編集・記入するようにしてください
